 Dungeon Crawl Stone Soup version 0.29.1-13-g9f3cf754e1 (webtiles) character file.

Game seed: 1434963951215990192

66 cowcol the Chopper (level 3, -2/33 HPs)
             Began as a Minotaur Monk on Jan 27, 2023.
             Slain by a gnoll
             ... wielding a +0 club
              (3 damage)
             ... on level 3 of the Dungeon.
             The game lasted 00:05:25 (3169 turns).

cowcol the Chopper (Minotaur Monk)                  Turns: 3169, Time: 00:05:27

Health: -2/33      AC:  3    Str: 25 (27) XL:     3   Next: 96%
Magic:  2/2        EV: 11    Int:  5 (6)  God:
Gold:   173        SH:  0    Dex: 10 (11) Spells: 2/2 levels left

rFire   . . .      SeeInvis .   m - +0 war axe
rCold   . . .      Faith    .   (no shield)
rNeg    . . .      Spirit   .   i - +0 scale mail
rPois   .          Reflect  .   (helmet unavailable)
rElec   .          Harm     .   (no cloak)
rCorr   .          Rampage  .   (no gloves)
Will    .....      Rnd*Tele +   (no boots)
Stlth   ..........              (no amulet)
HPRegen 0.11/turn               h - +6 ring of strength
MPRegen 0.08/turn               (no ring)

@: no status effects
A: horns 3, retaliatory headbutt, deformed body, strong 1, teleportitis 1
a: no special abilities


You were on level 3 of the Dungeon.
You visited 1 branch of the dungeon, and saw 3 of its levels.

You collected 173 gold pieces.

Inventory:

Hand Weapons
 a - a +0 hand axe
 g - a +0 dagger
 m - a +0 war axe (weapon)
Missiles
 e - 2 boomerangs (quivered)
 p - 4 poisoned darts
Armour
 b - a +0 robe
 i - a +0 scale mail (worn)
Jewellery
 h - a +6 ring of strength (left hand)
 k - a ring of wizardry
Scrolls
 l - a scroll of enchant armour {unknown}
Potions
 c - 3 potions of ambrosia
 d - a potion of berserk rage


   Skills:
 + Level 4.0 Fighting
 + Level 4.4 Axes
 + Level 1.1 Throwing
 * Level 2.3 Armour
 + Level 3.5 Dodging
 + Level 1.5 Stealth


You had 2 spell levels left.
You didn't know any spells.
Your spell library was empty.

Dungeon Overview and Level Annotations

Branches:
Dungeon (3/15)

Altars:
Okawaru
Trog


Innate Abilities, Weirdness & Mutations

You have a pair of large horns on your head.
You reflexively headbutt those who attack you in melee.
Armour fits poorly on your strangely shaped body.
Your muscles are strong. (Str +4, Int/Dex -1)
You are occasionally teleported next to monsters.


Message History

The boomerang barely misses the frilled lizard.
The boomerang barely misses the gnoll.
Throw: 2 boomerangs
Press: ? - help, Q - select action, (/) - cycle Shift-Dir - straight line, f/p - frilled lizard
Aim: a frilled lizard (38% to hit)
You throw a boomerang.
The boomerang closely misses the frilled lizard.
The gnoll shouts!
The boomerang hits the gnoll!
The gnoll is heavily wounded.
Throw: 2 boomerangs
Press: ? - help, Q - select action, (/) - cycle Shift-Dir - straight line, f/p - frilled lizard
Aim: a frilled lizard (38% to hit)
You throw a boomerang.
The boomerang hits the frilled lizard but does no damage.
The frilled lizard closely misses you. You furiously retaliate!
You headbutt the frilled lizard. The frilled lizard barely misses you.
You furiously retaliate!
You headbutt the frilled lizard!
You kill the frilled lizard!
A gnoll comes into view. It is wielding a +0 flail.
Found an escape hatch in the ceiling.
The gnoll shouts!
You see here a frilled lizard corpse.
You slash the gnoll!
The gnoll is heavily wounded.
The gnoll hits you from afar with a +0 halberd!
The gnoll hits you with a +0 flail.
You completely miss the gnoll.
The gnoll is heavily wounded.
The gnoll hits you from afar with a +0 halberd!
* * * LOW HITPOINT WARNING * * *
The gnoll completely misses you. You furiously retaliate!
You headbutt the gnoll. You hit the gnoll.
You kill the gnoll!
The gnoll barely misses you.
The gnoll hits you from afar with a +0 halberd!
* * * LOW HITPOINT WARNING * * *
The gnoll hits you with a +0 club.
You die...

.<.# ... #..
#....? #.##.##
#..gg. #.<#g#
#.##@# #### #.##.#
.#<### #.##.#
.'...########.##.#
.#...#...........#
##...#.####.....##
##†..#.# #.....#
#....#.# #.....#
#....#.# #......+


You could see 3 gnolls.

Vanquished Creatures
  Robin (D:2)
  A gnoll (D:3)
  2 dart slugs
  An orc (D:3)
  4 endoplasms
  A giant cockroach (D:2)
  11 goblins
  9 hobgoblins
  5 ball pythons
  2 bats
  4 frilled lizards
  3 kobolds
  2 rats
46 creatures vanquished.

Notes
Turn   | Place    | Note
-------+----------+-------------------------------------------
     0 | D:1      | cowcol the Minotaur Monk began the quest for the Orb.
     0 | D:1      | Reached XP level 1. HP: 19/19 MP: 0/0
   306 | D:1      | Found a faded altar of an unknown god.
   687 | D:1      | Reached XP level 2. HP: 27/27 MP: 1/1
  1290 | D:2      | Reached skill level 1 in Armour
  1613 | D:2      | Reached XP level 3. HP: 33/33 MP: 2/2
  1996 | D:2      | Identified the +3 helmet "Uclo Gan" {Harm Str+5 Int+4}
  1996 | D:2      | Noticed Robin
  2015 | D:2      | Killed Robin
  2019 | D:2      | Reached skill level 1 in Throwing
  2203 | D:2      | Identified the +5 dagger of Capital Punishment {antimagic,
                  | rF+ rC++}
  2695 | D:2      | Gained mutation: Armour fits poorly on your strangely
                  | shaped body. [potion of mutation]
  2695 | D:2      | Gained mutation: Your muscles are strong. (Str +4, Int/Dex
                  | -1) [potion of mutation]
  2695 | D:2      | Gained mutation: You are occasionally teleported next to
                  | monsters. [potion of mutation]
  2695 | D:2      | Gained mutation: You have a pair of large horns on your
                  | head. [potion of mutation]
  3058 | D:3      | Found an iron altar of Okawaru.
  3058 | D:3      | Found a bloodstained altar of Trog.
  3169 | D:3      | HP: 1/33 [gnoll/+0 halberd (7)]
  3169 | D:3      | Slain by a gnoll

Illustrated notes

Levels and vault maps discovered:
D:1:      amcnicky_arrival_flooded_fountain, layout_loops_corners,
          ebering_ecumenical_altar_rust, nicolae_hexahallways
D:2:      layout_basic, grunt_decor_mini_mirrors, uniq_robin
D:3:      layout_basic, kennysheep_vampire_church,
          grunt_temple_overflow_bloody_war, serial_shops, shop_fountains

Skill      XL: |  1  2  3 |
---------------+----------+-----
Axes           | 4 |  4.4
Armour         | 1 2 |  2.3
Fighting       | 4 |  4.0
Throwing       | 1 |  1.1
Dodging        | |  3.5
Stealth        | |  1.5

Action                   || total
-------------------------++-------
Melee: Hand axe          ||    18
       Headbutt          ||     8
       War axe           ||    26
Throw: Boomerang         ||    46
  Use: Scroll            ||     2
       Potion            ||     5
Armor: Scale mail        ||    23
       Robe              ||     1
Dodge: Dodged            ||    31
